 Dungeon Crawl Stone Soup version 0.17.1-2-g5865329 (webtiles) character file.

1239 Arkorax the Martial Artist (level 8, 0/46 HPs)
             Began as a Vine Stalker Monk on Jan 13, 2016.
             Was a Priest of Cheibriados.
             Killed by divine providence
             ... invoked by an orc priest
              (8 damage)
             ... on level 5 of the Dungeon.
             The game lasted 00:03:50 (3038 turns).

Arkorax the Martial Artist (Vine Stalker Monk)      Turns: 3038, Time: 00:03:51

Health: 0/46       AC:  7    Str: 20    XL:     8   Next: 49%
Magic:  0/9        EV:  9    Int: 16    God:    Cheibriados [***...]
Gold:   147        SH:  0    Dex: 25    Spells: 0 memorised, 7 levels left

rFire  . . .     SeeInvis .       - Unarmed
rCold  . . .     Clarity  .     w - +2 robe {MR+}
rNeg   . . .     SustAt   .     (no shield)
rPois  .         Gourm    .     t - +0 helmet
rElec  .         Spirit   +     p - +0 cloak
rCorr  .         Warding  .     (no gloves)
rMut   .         Stasis   .     d - +0 pair of boots
MR     ++...                    (no amulet)
Stlth  +++.......               (no ring)
                                (no ring)

@: very slow, very resistant to hostile enchantments, fairly stealthy
A: fangs 3, regeneration 2, magic shield, antimagic bite, no device heal 3, rot
immunity
a: Bend Time, Temporal Distortion, Renounce Religion


You were on level 5 of the Dungeon.
You worshipped Cheibriados.
Cheibriados was most pleased with you.
You were not hungry.

You visited 1 branch of the dungeon, and saw 5 of its levels.

You collected 147 gold pieces.

Inventory:

Hand Weapons
 C - a +0 longbow
Armour
 d - a +0 pair of boots (worn)
 o - a +0 chain mail
 p - a +0 cloak (worn)
 t - a +0 helmet (worn)
 w - a +2 robe of magic resistance (worn)
 y - a +0 robe of fire resistance
Jewellery
 j - an uncursed amulet of stasis
Scrolls
 a - a scroll of fog {unknown}
 c - a scroll of recharging {unknown}
 e - 4 scrolls of identify {unknown}
 f - 5 scrolls of teleportation {unknown}
 h - 2 scrolls of immolation {unknown}
 i - a scroll of blinking {unknown}
 m - 2 scrolls of amnesia {unknown}
 q - 3 scrolls of remove curse {unknown}
 z - a scroll of enchant armour {unknown}
 D - a scroll of magic mapping {unknown}
Potions
 g - a potion of resistance {unknown}
 k - a potion of brilliance {unknown}
 l - a potion of agility {unknown}
 n - 3 potions of curing {unknown}
 r - a potion of degeneration {unknown}
 x - a potion of poison {unknown}
 A - a potion of lignification {unknown}
 B - a potion of flight {unknown}
Books
 u - a book of Flames

   Spells                             Type                      Level
   a - Flame Tongue                   Conjuration/Fire             1
   b - Throw Flame                    Conjuration/Fire             2
   c - Conjure Flame                  Conjuration/Fire             3
   d - Inner Flame                    Hexes/Fire                   3
   e - Sticky Flame                   Conjuration/Fire             4
   f - Fireball                       Conjuration/Fire             5
Comestibles
 b - a bread ration
 s - 2 meat rations
 v - a beef jerky


   Skills:
 + Level 7.0 Fighting
 - Level 2.4 Dodging
 - Level 2.4 Stealth
 + Level 8.1 Unarmed Combat


You had 7 spell levels left.
You didn't know any spells.

Dungeon Overview and Level Annotations

Branches:
Dungeon (5/15)
 Temple: D:4-7

Altars:
Cheibriados
Dithmenos
Gozag
Ru
Sif Muna
Trog


Innate Abilities, Weirdness & Mutations

You have razor-sharp teeth.
You heal very quickly.
When hurt, damage is shared between your health and your magic reserves.
Your bite disrupts and absorbs the magic of your enemies.
Potions and wands cannot restore your health.
You are immune to rotting.


Message History

The orc warrior completely misses you. The orc misses you. The orc misses you.
Unknown command.
You punch the orc warrior! You bite the orc warrior. You drain its power.
You feel invigorated.
The orc warrior is heavily wounded.
The orc warrior hits you with a halberd!
* * * LOW HITPOINT WARNING * * *
The orc barely misses you. The orc closely misses you.
Unknown command.
You are too injured to fight recklessly!
Unknown command.
Drink which item? (? for menu, Esc to quit)
Okay, then.
The orc barely misses you.
The orc hits you with a short sword of speed.
* * * LOW HITPOINT WARNING * * *
The orc warrior closely misses you.
The orc priest invokes the aid of Beogh against you.
Something smites you!
You die...

###### ......
#######
......####o....?.
.......%.@oo.....
.####..##o......
#.## o...... #.#
....... ########.#
.......
#......#.#####+####
#. ##...........#.#
#.###
####......#.#.##
.....
.##......#....#


You could see an orc warrior, an orc priest and 3 orcs.

Vanquished Creatures
  Pikel (D:4)
  Sigmund (D:4)
  The ghost of Starbucks the Shield-Bearer, an amateur FoFi (D:3)
  A slave (D:4)
  An ogre (D:4)
  A giant frog (D:3)
  A scorpion (D:5)
  A centaur zombie (D:5)
  A crimson imp (D:5)
  A jelly (D:4)
  A hound (D:5)
  A giant frog skeleton (D:5)
  A worker ant (D:4)
  A centaur skeleton (D:4)
  3 adders
  4 worms
  A giant gecko (D:1)
  4 giant cockroaches
  10 hobgoblins
  8 bats
  6 giant newts
  12 goblins
  4 jackals (D:2)
  12 kobolds
  3 quokkas (D:4)
  A quokka skeleton (D:4)
  8 rats
90 creatures vanquished.

Vanquished Creatures (others)
  A scorpion (D:4)
  A worker ant (D:4)
  An adder skeleton (D:4)
  A giant cockroach (D:4)
4 creatures vanquished.

Grand Total: 94 creatures vanquished

Notes
Turn   | Place    | Note
--------------------------------------------------------------
     0 | D:1      | Arkorax the Vine Stalker Monk began the quest for the Orb.
     0 | D:1      | Reached XP level 1. HP: 11/11 MP: 2/2
   253 | D:1      | Reached XP level 2. HP: 16/16 MP: 3/3
   781 | D:1      | Reached XP level 3. HP: 20/20 MP: 4/4
  1164 | D:2      | Found a bloodstained altar of Trog.
  1488 | D:3      | Reached XP level 4. HP: 25/25 MP: 5/5
  1595 | D:3      | Found a shadowy altar of Dithmenos.
  1595 | D:3      | Found a deep blue altar of Sif Muna.
  1641 | D:3      | Found a snail-covered altar of Cheibriados.
  1651 | D:3      | Became a worshipper of Cheibriados the Contemplative
  1651 | D:3      | Reached * piety under Cheibriados
  1651 | D:3      | Reached ** piety under Cheibriados
  1747 | D:3      | Noticed Starbucks's ghost (amateur FoFi)
  1754 | D:3      | Reached skill level 5 in Unarmed Combat
  1779 | D:3      | Killed Starbucks's ghost
  1779 | D:3      | Reached XP level 5. HP: 11/30 MP: 3/6
  1848 | D:3      | Noticed a giant frog
  1853 | D:3      | Killed a giant frog
  1853 | D:3      | Gained mutation: You heal very quickly. [Vine Stalker growth]
  1853 | D:3      | Reached XP level 6. HP: 34/34 MP: 7/7
  1877 | D:3      | Found a sacrificial altar of Ru.
  2243 | D:4      | Reached skill level 6 in Unarmed Combat
  2245 | D:4      | Noticed Sigmund
  2265 | D:4      | Killed Sigmund
  2265 | D:4      | Reached skill level 5 in Fighting
  2265 | D:4      | Reached XP level 7. HP: 30/39 MP: 8/8
  2290 | D:4      | Noticed Pikel
  2310 | D:4      | Killed Pikel
  2310 | D:4      | Reached skill level 7 in Unarmed Combat
  2310 | D:4      | Gained mutation: You have razor-sharp teeth. [Vine Stalker growth]
  2310 | D:4      | Reached XP level 8. HP: 41/45 MP: 9/9
  2652 | D:4      | Reached *** piety under Cheibriados
  2776 | D:5      | Entered Level 5 of the Dungeon
  2808 | D:5      | Reached skill level 8 in Unarmed Combat
  2861 | D:5      | Found an opulent altar of Gozag.
  3038 | D:5      | Killed from afar by an orc priest

Action                   |  1- 3 |  4- 6 |  7- 9 || total
-------------------------+-------+-------+-------++-------
Melee: Unarmed           |   109 |   103 |    74 ||   286
 Stab: Sleeping          |     6 |       |     4 ||    10
  Eat: Chunk             |     2 |     1 |       ||     3
       Bread ration      |       |       |     1 ||     1
